 Dungeon Crawl Stone Soup version 0.28.0 (webtiles) character file.

Game seed: 639605277075249200

37 Armakuni the Twirler (level 3, -3/29 HPs)
             Began as a Human Gladiator on Feb 13, 2022.
             Killed by nerve-wracking pain
             ... invoked by Jessica
              (10 damage)
             ... on level 2 of the Dungeon.
             The game lasted 00:01:58 (898 turns).

Armakuni the Twirler (Human Gladiator)               Turns: 898, Time: 00:01:59

Health: -3/29      AC:  6    Str: 16    XL:     3   Next: 62%
Magic:  3/3        EV: 11    Int:  8    God:
Gold:   29         SH:  0    Dex: 14    Spells: 2/2 levels left

rFire   . . .      SeeInvis .   a - +0 quarterstaff
rCold   . . .      Faith    .   (shield currently unavailable)
rNeg    . . .      Spirit   .   i - +0 ring mail
rPois   .          Reflect  .   c - +0 helmet
rElec   .          Harm     .   (no cloak)
rCorr   .          Rampage  .   (no gloves)
Will    .....                   (no boots)
Stlth   +.........              (no amulet)
HPRegen 0.09/turn               (no ring)
MPRegen 0.08/turn               (no ring)

@: no status effects
A: no striking features
a: no special abilities


You were on level 2 of the Dungeon.
You visited 1 branch of the dungeon, and saw 2 of its levels.

You collected 29 gold pieces.

Inventory:

Hand Weapons
 a - a +0 quarterstaff (weapon)
Missiles
 d - 3 throwing nets (quivered)
Armour
 b - a +1 scale mail of cold resistance
 c - a +0 helmet (worn)
 i - a +0 ring mail (worn)
 j - the +1 chain mail "Wiochyudal" {Int+6}
   (You found it on level 2 of the Dungeon)

   Int:       It affects your intelligence (+6).
Scrolls
 e - a scroll of amnesia
Potions
 f - 2 potions of brilliance {unknown}
 g - a potion of flight {unknown}
 h - a potion of degeneration {unknown}


   Skills:
 + Level 3.0 Fighting
 + Level 3.7 Staves
 - Level 2.0 Throwing
 - Level 3.0 Dodging


You had 2 spell levels left.
You didn't know any spells.
Your spell library was empty.

Dungeon Overview and Level Annotations

Branches:
Dungeon (2/15)

Altars:

Annotations:
D:2 Jessica


Message History

The adder bites you but does no damage. The adder barely misses you.
You hit the adder but do no damage.
The adder is severely wounded.
The adder bites you.
You hit the adder.
The adder is almost dead.
The adder barely misses you. The adder closely misses you.
You hit the adder.
You kill the adder!
You hit the endoplasm.
The endoplasm is severely wounded.
The endoplasm freezes you.
You are frozen.
You hit the endoplasm but do no damage.
The endoplasm is severely wounded.
The endoplasm barely misses you.
You hit the endoplasm.
You kill the endoplasm!
Your Fighting skill increases to level 3!
HP restored.
You open the door.
There is an open door here.
Jessica the Apprentice Sorceress comes into view.
She is wielding a +0 club.
Jessica shouts!
Jessica is nearby!
Jessica casts a spell at you. Pain shoots through your body!
Jessica hits you but does no damage.
You barely miss Jessica. Jessica casts a spell at you.
Pain shoots through your body!
* * * LOW HITPOINT WARNING * * *
You are too injured to fight recklessly!
You are too injured to fight recklessly!
You are too injured to fight recklessly!
You thump Jessica!
Jessica is severely wounded.
Jessica gestures at you while chanting. Pain shoots through your body!
You die...

#####...## #.# #.# ##.##
##.##### #.. #.# #......#
### #.# #..###.# ##'##
#..###.# ##...## #...§..#
##.....## .≈≈≈§≈.##
#.......## .≈.....≈.##
#........@#.≈≈.....≈..####
+.........@§.≈≈...≈.≈≈.§..
#.........≈..≈.≈≈≈.≈.§≈.##
##........≈≈≈≈≈≈≈.≈...≈.#
##...........≈_.≈....≈.##
##...##.≈≈≈≈≈≈≈.≈...≈.##
##+# #.§..≈.≈≈≈.≈..≈.##
##.≈.≈≈...≈.≈≈.##
....≈..##


You could see Jessica.

Vanquished Creatures
  An adder (D:2)
  A worm (D:2)
  A dart slug (D:1)
  2 ball pythons (D:1)
  7 endoplasms
  A goblin (D:2)
  A hobgoblin (D:1)
  A kobold (D:1)
  A quokka (D:1)
  A bat (D:1)
  A frilled lizard (D:1)
  3 rats (D:1)
21 creatures vanquished.

Notes
Turn   | Place    | Note
-------+----------+-------------------------------------------
     0 | D:1      | Armakuni the Human Gladiator began the quest for the Orb.
     0 | D:1      | Reached XP level 1. HP: 16/16 MP: 1/1
   154 | D:1      | Reached XP level 2. HP: 22/22 MP: 2/2
   552 | D:1      | Reached XP level 3. HP: 28/28 MP: 3/3
   624 | D:2      | Identified the +1 chain mail "Wiochyudal" {Int+6}
   798 | D:2      | Found a faded altar of an unknown god.
   892 | D:2      | Noticed Jessica
   898 | D:2      | Killed from afar by Jessica

Illustrated notes

Levels and vault maps discovered:
D:1:      dpeg_arrival_connections, layout_basic, minmay_misc_feat_room
D:2:      layout_loops_corners, shapermc_ecumenical_altar_starsandcircs,
          uniq_robin, uniq_jessica

Skill      XL: |  1  2  3 |
---------------+----------+-----
Fighting       | 3 |  3.0
Staves         | |  3.7
Throwing       | |  2.0
Dodging        | |  3.0

Action                   || total
-------------------------++-------
Melee: Quarterstaff      ||    66
  Use: Scroll            ||     1
Armor: Leather armour    ||    16
       Ring mail         ||     5
Dodge: Dodged            ||    35
